[Event "*** Titled Tuesday Blitz"]
[Site "Chess.com"]
[Date "2020.11.10"]
[Round "7"]
[White "Trickov"]
[Black "Brave_spirit12"]
[Result "1-0"]
[WhiteElo "2354"]
[BlackElo "2484"]
[TimeControl "180+1"]
[EndTime "11:22:59 PST"]
[Termination "Trickov won by resignation"]

1. d4 Nf6 2. Nf3 c5 3. c4 cxd4 4. Nxd4 d5 5. cxd5 Nxd5 6. e4 Nb4 7. Na3 e5 8. Ndb5 Qxd1+ 9. Kxd1 N8a6 10. Bc4 Be6 11.
Bxe6 fxe6 12. Bd2 Bc5 13. Ke2 O-O-O 14. Rhc1 Nd3 15. b4 Nxc1+ 16. Rxc1 b6 17. bxc5 Nxc5 18.
Be3 Kb7 19. Bxc5 bxc5 20. Rxc5 a6 21. Nc3 Rc8 22. Na4 Ka7 23. Rxe5 Rc6 24. Nb1 Rb8 25.
Nbc3 Rd8 26. Ke3 Rcd6 27. Nc5 Rc8 28. N3a4 Rcc6 29. f4 Kb8 30. g4 Kc7 31. f5 exf5 32. gxf5 Kb8 33. Re7 Rc7 34. Re8+ Ka7 35. e5 Rd5 36. Ke4 Rd2 37. Re6 Rxa2 38. Rxa6+ Kb8 39.
Re6 Rxh2 40. Na6+ Kb7 41. Nxc7 Kxc7 42. Re7+ Kd8 43. Rxg7 h5 44. Nb6 Rh1 45. Kd5 h4 46. Kd6 Rd1+ 47. Nd5 Ke8 48. e6 Kf8 49. Rh7 Rh1 50. f6 Kg8 51. Rh5 h3 52. f7+ Kg7 53. Ke7 Rf1 54. Rxh3 Kg6 55. Rg3+ Kh7 56. Nf6+ 1-0

[Event "*** Titled Tuesday Blitz"]
[Site "Chess.com"]
[Date "2020.11.10"]
[Round "7"]
[White "Sanan_Sjugirov"]
[Black "NewBornNow"]
[Result "1-0"]
[WhiteElo "2835"]
[BlackElo "2649"]
[TimeControl "180+1"]
[EndTime "11:23:01 PST"]
[Termination "Sanan_Sjugirov won by resignation"]

1. e4 c5 2. Nf3 d6 3. Bb5+ Bd7 4. Bxd7+ Qxd7 5. O-O Nf6 6. d4 cxd4 7. Qxd4 Nc6 8. Qd3 g6 9. c4 Bg7 10. h3 O-O 11.
Nc3 Rfc8 12. Bg5 h6 13. Bd2 Nb4 14. Qe2 Qe6 15. b3 Nd7 16. Rad1 Nc5 17. Nb5 Nc6 18. Rfe1 a6 19. Nc3 b5 20. cxb5 axb5 21. Qxb5 Bxc3 22.
Bxc3 Rxa2 23. e5 Qxb3 24. Qxb3 Nxb3 25. exd6 exd6 26. Rxd6 Raa8 27. Bf6 Nc5 28. Nh2 h5 29. Nf3 Ne6 30. Nd2 Ng7 31. Ba1 Ne8 32. Rd7 Rd8 33.
Rxd8 Rxd8 34. Ne4 f5 35. Ng5 Ng7 36. Bxg7 Kxg7 37. Ne6+ Kf6 38. Nxd8 Nxd8 39. h4 Nf7 40. g3 f4 41. Kg2 fxg3 42. fxg3 Nh6 43. Ra1 Nf5 44.
Ra6+ Kg7 45. Kf3 Nd4+ 46. Kf4 Ne2+ 47. Kg5 Nxg3 48. Ra7+ Kf8 49. Kxg6 Ke8 50. Ra3 1-0

[Event "*** Titled Tuesday Blitz"]
[Site "Chess.com"]
[Date "2020.11.10"]
[Round "7"]
[White "mirciulica14"]
[Black "QuintilianoR"]
[Result "1-0"]
[WhiteElo "2644"]
[BlackElo "2687"]
[TimeControl "180+1"]
[EndTime "11:23:02 PST"]
[Termination "mirciulica14 won by resignation"]

1. d4 Nf6 2. c4 e6 3. Nf3 b6 4. a3 Bb7 5. Nc3 d5 6. cxd5 Nxd5 7. Bd2 Be7 8. Qc2 O-O 9. Rd1 Nd7 10. e4 Nxc3 11. Bxc3 Qc8 12. Be2 Re8 13. O-O Nf6 14.
e5 Be4 15. Qc1 Nd5 16. Nd2 Nxc3 17. Qxc3 Bd5 18. Bf3 Qb7 19. Bxd5 Qxd5 20. Nf3 c5 21. dxc5 Qxc5 22. Qxc5 Bxc5 23. Rd7 h6 24. Rfd1 a5 25. Nd2 Red8 26. Ne4 Rxd7 27. Rxd7 Rc8 28. g3 Bf8 29. Rb7 Rc6 30. Kg2 Bc5 31. Nxc5 Rxc5 32. Rxb6 Rxe5 33. a4 Kf8 34. Rb7 Ke8 35. b3 h5 36. h4 Rf5 37.
Kf1 Kd8 38. Ke2 Kc8 39. Ra7 Kd8 40. Ke3 Ke8 41. f4 Rd5 42. Ke4 g6 43. Rb7 Rc5 44. Rb5 Rxb5 45. axb5 f6 46. Kd4 Kd7 47. Kc5 Kc7 48. b6+ Kb7 49. Kb5 e5 50. fxe5 fxe5 51. Kxa5 e4 52. Kb4 Kxb6 53. Kc4 Ka5 54. Kd4 Kb4 55.
Kxe4 Kxb3 56. Kf4 Kc3 57. Kg5 Kd3 58. Kxg6 Ke3 59. Kxh5 1-0

[Event "*** Titled Tuesday Blitz"]
[Site "Chess.com"]
[Date "2020.11.10"]
[Round "7"]
[White "ural58"]
[Black "arminmusovic"]
[Result "1-0"]
[WhiteElo "2391"]
[BlackElo "2551"]
[TimeControl "180+1"]
[EndTime "11:23:02 PST"]
[Termination "ural58 won by resignation"]

1. e4 c6 2. b3 d5 3. Qe2 dxe4 4. Nc3 Nd7 5. Nxe4 Ndf6 6. Bb2 Nxe4 7. Qxe4 Qd5 8. Qe3 Qa5 9. Nf3 Nf6 10. Bc4 Nd5 11.
Qe5 f6 12. Qg3 Qc7 13. O-O-O Qxg3 14. hxg3 e6 15. Bd3 h6 16. Bg6+ Kd8 17. Rhe1 Kc7 18. d4 Bb4 19. Nd2 Nc3 20. Bxc3 Bxc3 21. Re4 Rd8 22.
Nb1 Ba5 23. Bf7 Rd6 24. c4 b6 25. a3 c5 26. dxc5 Rxd1+ 27. Kxd1 bxc5 28. Bxe6 Kd6 29. Bxc8 Rxc8 30. Kc2 f5 31. Re3 g5 32. Nc3 Bxc3 33. Kxc3 Rh8 34. Rd3+ Kc6 35. Rd5 Rf8 36. f3 f4 37. g4 Rf6 38. b4 cxb4+ 39. axb4 Re6 40. Ra5 Kb7 41. Ra2 Kb6 42. Kd4 Rd6+ 43. Ke5 Rd1 44. Kf5 Rb1 45. b5 Rc1 46. Ra6+ Kb7 47. Rxh6 Rxc4 48. Kxg5 Rc5+ 49. Kxf4 Rxb5 50. g5 a5 51. Rh1 Rb4+ 52. Kf5 Rb2 53. g4 Rb3 54. f4 Ka6 55. g6 Rb5+ 56. Kf6 a4 57. f5 Rb6+ 58.
Kg7 Ka5 59. f6 a3 60. f7 Rb7 61. Kg8 Rb8+ 62. f8=Q 1-0

[Event "*** Titled Tuesday Blitz"]
[Site "Chess.com"]
[Date "2020.11.10"]
[Round "7"]
[White "atalz0"]
[Black "emiliochess"]
[Result "1-0"]
[WhiteElo "2402"]
[BlackElo "2275"]
[TimeControl "180+1"]
[EndTime "11:23:02 PST"]
[Termination "atalz0 won by checkmate"]

1. d4 d5 2. c4 c6 3. e3 Nf6 4. Nc3 Bf5 5. cxd5 Nxd5 6. Nge2 h6 7. e4 Nxc3 8. Nxc3 Bh7 9. Be3 Nd7 10. Bc4 e6 11. O-O Bb4 12. Qg4 Kf8 13. Rad1 Bxc3 14. bxc3 Nf6 15. Qf4 Nxe4 16. Bxe6 Qf6 17. Qxf6 Nxf6 18.
Bb3 a5 19. a4 Rd8 20. c4 Ne4 21. d5 cxd5 22. cxd5 Bf5 23. Bb6 Rd7 24. Bxa5 g5 25. f3 Nd6 26. Rc1 Kg7 27. Rc7 Ra8 28. Bb6 Nc8 29. Bd4+ f6 30. Rfc1 Rxc7 31. Rxc7+ Kg6 32.
Rxb7 Nd6 33. Rb6 Ne8 34. d6 Rd8 35. Bc5 h5 36. a5 g4 37. fxg4 Bxg4 38. a6 Ra8 39.
Bd5 Ra7 40. Bb7 Kg5 41. Rb4 Rxa6 42. Bxa6 Bd7 43. Be3+ Kg6 44. Bc5 f5 45. Bb5 Be6 46. Bxe8+ Kf6 47. d7 Bxd7 48. Bxd7 Kg5 49. Bc8 h4 50. Bd6 h3 51. gxh3 Kh5 52. Kf2 f4 53. Rxf4 Kg6 54. Rg4+ Kh5 55. Rg1 Kh4 56. Bg3+ Kh5 57.
Bg4+ Kg5 58. Kf3 Kh6 59. h4 Kg6 60. Kf4 Kh6 61. Kf5 Kh7 62. Rd1 Kh6 63. Bf4+ Kh7 64. Rd7+ Kh8 65. Kg6 Kg8 66. Rd8# 1-0

[Event "*** Titled Tuesday Blitz"]
[Site "Chess.com"]
[Date "2020.11.10"]
[Round "7"]
[White "Ranindu2003"]
[Black "Atousa1"]
[Result "0-1"]
[WhiteElo "2535"]
[BlackElo "2421"]
[TimeControl "180+1"]
[EndTime "11:23:03 PST"]
[Termination "Atousa1 won by resignation"]

1. e4 e5 2. Nf3 Nf6 3. Nxe5 d6 4. Nc4 Nxe4 5. Qe2 Qe7 6. Ne3 c6 7. b3 Nd7 8. Bb2 Ndf6 9. g3 Bd7 10. Bg2 O-O-O 11. O-O Kb8 12. Re1 Nc5 13. d4 Nce4 14. f3 Ng5 15. h4 Ne6 16. Nf5 Qe8 17. Ba3 d5 18. Nd6 Bxd6 19. Bxd6+ Ka8 20. Nc3 Bc8 21. Be5 Nd7 22. Bd6 Nxd4 23. Qd2 Ne6 24. Na4 Nb6 25. Nxb6+ axb6 26. Qb4 Rxd6 27. Qxd6 Qf8 28. Qxf8 Rxf8 29. a4 Kb8 30. c4 d4 31. a5 Kc7 32. axb6+ Kxb6 33. b4 c5 34. Rab1 d3 35. Red1 Rd8 36. Rb3 cxb4 37. Rbxd3 Rxd3 38. Rxd3 Kc5 39. Bf1 Nd4 40.
Kf2 b3 41. Ke3 b2 42. Rd1 Bf5 43. Bd3 Nc2+ 44. Kd2 Bxd3 45. Rb1 Nb4 46. Rxb2 Kxc4 47. f4 b5 48. g4 f5 49. g5 Be4 50. h5 Nd5 51. Ra2 Nxf4 52. h6 gxh6 53. gxh6 Nd5 54. Ra7 f4 55. Ke2 b4 56. Kf2 b3 57. Rb7 Nb4 58. Rc7+ Kd4 59. Rb7 Kc3 60. Rc7+ Nc6 61.
Rxh7 Bxh7 0-1

[Event "*** Titled Tuesday Blitz"]
[Site "Chess.com"]
[Date "2020.11.10"]
[Round "7"]
[White "Jumbo"]
[Black "Karateloru"]
[Result "1/2-1/2"]
[WhiteElo "2867"]
[BlackElo "2743"]
[TimeControl "180+1"]
[EndTime "11:23:04 PST"]
[Termination "Game drawn by repetition"]

1. d4 Nf6 2. c4 e6 3. Nf3 d5 4. g3 dxc4 5. Bg2 Bb4+ 6. Bd2 c5 7. Qc1 Bxd2+ 8. Nbxd2 cxd4 9. Nxc4 Nc6 10. O-O O-O 11. Rd1 Qe7 12. Nfe5 Bd7 13. Nxc6 Bxc6 14. Bxc6 bxc6 15.
Rxd4 Rfd8 16. Qe3 c5 17. Rxd8+ Rxd8 18. Rc1 Rd4 19. Ne5 Qd6 20. Nd3 Nd7 21. b3 h6 22.
f3 e5 23. Rc2 f5 24. Kg2 e4 25.
Nf2 Nf6 26. Qc3 exf3+ 27. exf3 Nd7 28. Re2 Qd5 29. Qe3 Nf6 30. Nh3 Rd3 31. Qf2 Ng4 32. Nf4 Qc6 33. Nxd3 Nxf2 34. Nxf2 Qd5 35. Rc2 Qd4 36.
Re2 c4 37. bxc4 Qxc4 38. Rd2 a5 39. h4 Kf7 40. Nh3 Qc1 41. Re2 Qd1 42. Rf2 Kf6 43. h5 a4 44. Nf4 a3 45. Re2 Qb1 46. Re6+ Kf7 47. Re2 Qb7 48. Kf2 Qb6+ 49. Kg2 Qd4 50. Kh2 Qc3 51. Kg2 Qd4 52. Kh2 Qc3 53. Kg2 Qd4 1/2-1/2

[Event "*** Titled Tuesday Blitz"]
[Site "Chess.com"]
[Date "2020.11.10"]
[Round "7"]
[White "Forantes"]
[Black "ecwinslow"]
[Result "0-1"]
[WhiteElo "2336"]
[BlackElo "2242"]
[TimeControl "180+1"]
[EndTime "11:23:04 PST"]
[Termination "ecwinslow won on time"]

1. Nf3 Nf6 2. g3 g6 3. Bg2 Bg7 4. O-O O-O 5. d4 d6 6. c4 Nbd7 7. Nc3 e5 8. e4 c6 9. b3 Re8 10.
Re1 a5 11. a4 exd4 12. Nxd4 Nc5 13. Bb2 Qb6 14. Qc2 Ng4 15. Nce2 Nxb3 16. Qxb3 Qxb3 17. Nxb3 Bxb2 18. Rad1 Ba3 19. Ned4 Ne5 20. Nc2 Bc5 21. Nxc5 dxc5 22. Ne3 Be6 23. Rb1 Re7 24. Rec1 Nd3 25.
Rd1 Nb4 26. Rd6 Kf8 27. f4 f5 28. e5 Kf7 29. Rb2 Rd7 30. Rxd7+ Bxd7 31. Rd2 Ke7 32. h3 Be6 33. g4 Rd8 34. Rxd8 Kxd8 35. Bf1 Ke7 36. Be2 Na2 37. Kf2 Nc3 38. Bd1 Nxd1+ 39. Nxd1 Bxc4 40. gxf5 gxf5 41. Ne3 Be6 42. Ke2 b5 43. Kd3 c4+ 44. Kd4 b4 45. Kc5 c3 46.
Kd4 Kd7 47. Kd3 c5 48. Kc2 Kc6 49.
h4 c4 50. h5 h6 51. Kc1 Kc5 52. Nc2 b3 53. Ne3 Kd4 54. Nd1 Bd5 0-1

[Event "*** Titled Tuesday Blitz"]
[Site "Chess.com"]
[Date "2020.11.10"]
[Round "7"]
[White "Sven_Tica"]
[Black "PSvidler"]
[Result "0-1"]
[WhiteElo "2698"]
[BlackElo "2876"]
[TimeControl "180+1"]
[EndTime "11:23:05 PST"]
[Termination "PSvidler won by resignation"]

1. d4 Nf6 2. Nf3 g6 3. Nbd2 Bg7 4. e4 O-O 5. Bd3 d6 6. O-O c5 7. c3 cxd4 8. cxd4 Nc6 9. h3 Bd7 10. a3 Rc8 11. Re1 a6 12. Nf1 Qb6 13. Bc2 d5 14.
e5 Ne4 15. Bxe4 dxe4 16. Rxe4 Rfd8 17. d5 Be6 18. Be3 Qxb2 19. Rb1 Qxa3 20. Ra4 Qc3 21.
Bd2 Rxd5 22. Bxc3 Rxd1 23. Rxd1 Bb3 24. Raa1 Bxd1 25. Rxd1 b5 26. Ra1 b4 27. Bb2 a5 28.
Ne3 Ra8 29. Nd5 e6 30. Nb6 Rb8 31. Na4 Bf8 32. Rc1 Ne7 33. Nd4 Nd5 34. Nb3 Rb5 35.
Rc8 Kg7 36. Bc1 h5 37. Bh6+ Kxh6 38. Rxf8 Nc3 39. Nac5 a4 40. Nxa4 Nxa4 41. Rxf7 Rxe5 42. Rb7 Re4 43. Nd2 Re1+ 44. Kh2 Re2 45. Nf3 Rxf2 46. Rxb4 Nc5 47. Rc4 Nd3 48. Kg3 Re2 49. Rd4 Nf2 50.
Ng1 Ra2 51. Rf4 Nh1+ 52. Kh2 Nf2 53. Kg3 Nd1 54. Rf7 Ne3 55. Rf2 Nf5+ 56. Kf3 Nh4+ 57. Kg3 Nf5+ 58. Kf3 Nd4+ 59. Kg3 h4+ 0-1

[Event "*** Titled Tuesday Blitz"]
[Site "Chess.com"]
[Date "2020.11.10"]
[Round "7"]
[White "Deepweb2020"]
[Black "tteshan"]
[Result "0-1"]
[WhiteElo "2236"]
[BlackElo "2365"]
[TimeControl "180+1"]
[EndTime "11:23:06 PST"]
[Termination "tteshan won by resignation"]

1. d4 d5 2. c4 dxc4 3. e3 Nf6 4. Bxc4 e6 5. Nf3 a6 6. Bd2 b5 7. Be2 Bb7 8. Qc2 Nbd7 9. Ba5 Rc8 10. Nbd2 Bd6 11. O-O Qe7 12. e4 e5 13. d5 c6 14.
dxc6 Rxc6 15. Qd1 O-O 16. Rc1 Rxc1 17. Qxc1 Nxe4 18. Nxe4 Bxe4 19. Qe3 Bb7 20. Qa7 Nf6 21. Rd1 Bc5 22. Bb6 Bxb6 23. Qxb6 Nd5 24. Qa5 Rc8 25.
Qd2 h6 26. h3 Nf4 27. Qe3 Rc2 28. Rd2 Rxd2 29. Qxd2 Bxf3 30. Bxf3 g6 31. Kh2 Qc7 32. g3 Ne6 33. Qd5 Qc2 34. Kg2 Qxb2 35. h4 Kg7 36. Bg4 Qd4 37. Bxe6 fxe6 38. Qxe6 Qe4+ 39. Kg1 Qb1+ 40. Kg2 Qf5 41. Qxa6 e4 42. Qb7+ Kf6 43. Qc6+ Ke7 44. Qc7+ Ke6 45. Qc6+ Kf7 46. Qc7+ Kf6 47.
Qd6+ Qe6 48. Qf4+ Kg7 49. Qe3 Qxa2 50. Qxe4 Qc4 51. Qe5+ Kf7 52. Qc7+ Qxc7 0-1

[Event "*** Titled Tuesday Blitz"]
[Site "Chess.com"]
[Date "2020.11.10"]
[Round "7"]
[White "Kavyev_Ruslan"]
[Black "26andrej26"]
[Result "0-1"]
[WhiteElo "2398"]
[BlackElo "2542"]
[TimeControl "180+1"]
[EndTime "11:23:07 PST"]
[Termination "26andrej26 won by resignation"]

1. d4 Nf6 2. c4 g6 3. Nc3 Bg7 4.
e4 d6 5. Be2 O-O 6. Be3 e5 7. d5 a5 8. g4 Na6 9. h4 Nc5 10. f3 c6 11. h5 a4 12. Qd2 Qa5 13. h6 Bh8 14. Nh3 cxd5 15. cxd5 Bd7 16. Nf2 b5 17. Rc1 Rac8 18. O-O Ne8 19. Nd3 Nxd3 20. Bxd3 f5 21. gxf5 gxf5 22. Nxb5 Qd8 23. Rxc8 Bxc8 24. Na7 f4 25. Nc6 Qg5+ 26. Qg2 Qxg2+ 27. Kxg2 fxe3 28.
Ne7+ Kf7 29. Nxc8 Rg8+ 30. Kh3 Rg6 31. Bb5 Rxh6+ 32. Kg2 Rg6+ 33. Kh3 Ng7 34. f4 Rh6+ 35.
Kg4 Rg6+ 36. Kf3 Nh5 37. fxe5 Bxe5 38. Kxe3+ Kg7 39. Ne7 Rg3+ 40. Kf2 Rh3 41. Nf5+ Kf6 42. Ke1 Nf4 43. Bxa4 Rh2 44. Bb3 Rxb2 45. Rf3 h5 46. Kf1 Kg5 47. Rg3+ Kf6 48. Rg8 Rb1+ 49. Kf2 Rb2+ 50.
Kf3 Rb1 51. Rh8 Kg6 52. Nh4+ Kg5 53. Ng2 Bxh8 54. Nxf4 Rf1+ 55. Ke2 Rxf4 0-1

[Event "*** Titled Tuesday Blitz"]
[Site "Chess.com"]
[Date "2020.11.10"]
[Round "7"]
[White "annacramling"]
[Black "Luklei18"]
[Result "0-1"]
[WhiteElo "2031"]
[BlackElo "2310"]
[TimeControl "180+1"]
[EndTime "11:23:07 PST"]
[Termination "Luklei18 won on time"]

1. d4 d6 2. Nf3 g6 3. c4 Bg7 4. e4 Bg4 5. Be2 Nc6 6. Be3 e5 7.
d5 Bxf3 8. Bxf3 Nd4 9. Nc3 Ne7 10. Bxd4 exd4 11. Ne2 c5 12. dxc6 Qa5+ 13. Qd2 Qxd2+ 14. Kxd2 bxc6 15. Kd3 c5 16. e5 Rd8 17. exd6 Rxd6 18. Ng3 f5 19. Rhe1 Kd7 20. Ne2 Rb8 21. b3 Bh6 22. g4 a5 23. Ng3 a4 24. Rab1 Rdb6 25.
gxf5 gxf5 26. Kc2 axb3+ 27. axb3 d3+ 28. Kxd3 Rxb3+ 29. Rxb3 Rxb3+ 30. Ke2 Rc3 31. Rd1+ Ke6 32. Bd5+ Nxd5 33. cxd5+ Ke5 34. d6 Bg5 35. d7 Bd8 36.
Nh5 Ra3 37. f4+ Ke4 38. Ng7 Ra2+ 39. Rd2 Rxd2+ 40. Kxd2 Kd5 41. Nxf5 Ke6 42. Ng7+ Kxd7 43. Nf5 Ke6 44. Ne3 Bc7 45. Kd3 Bxf4 46. h3 Bxe3 47.
Kxe3 Kd5 48. Kd3 h5 49. Kc3 h4 50. Kd3 Ke5 51. Kc3 Kf4 52. Kc4 Kg3 53. Kxc5 Kxh3 54. Kd4 Kg2 55. Ke3 h3 56. Ke2 h2 0-1

[Event "*** Titled Tuesday Blitz"]
[Site "Chess.com"]
[Date "2020.11.10"]
[Round "7"]
[White "blitzking1729"]
[Black "Evgeny81"]
[Result "0-1"]
[WhiteElo "2544"]
[BlackElo "2718"]
[TimeControl "180+1"]
[EndTime "11:23:08 PST"]
[Termination "Evgeny81 won by resignation"]

1. d4 e6 2. Nf3 c5 3. c4 cxd4 4. Nxd4 Nc6 5. Nc3 Nf6 6. g3 Qb6 7. Nb3 Ne5 8. Be3 Qc6 9. Rg1 Nxc4 10. Bg2 Nxe3 11. fxe3 Qb6 12. Qd3 d5 13. O-O-O Bb4 14. Kb1 O-O 15. e4 Bxc3 16. Qxc3 dxe4 17. g4 Bd7 18. g5 Nd5 19. Qh3 Nf4 20. Qh4 Nxg2 21. Rxg2 Bc6 22. Rg3 Qf2 23. Qh5 Ba4 24. Rh3 Qf5 25.
Nd4 Qg6 26. Qxg6 hxg6 27. b3 Bd7 28. Rh4 e5 29. Nc2 Bf5 30. Ne3 Rfd8 31. Rf1 Rd2 32.
Nxf5 gxf5 33. Rxf5 Rxe2 34. Rxe5 Rd8 35. Kc1 e3 36.
Re7 Rc8+ 37. Kb1 b5 38. Rh3 b4 39. Rexe3 Rec2 40. Re1 Rd2 41. Rhe3 Rcc2 42. g6 Rb2+ 43. Kc1 Rbc2+ 44. Kb1 fxg6 45. Re8+ Kh7 46. R1e3 Rb2+ 47. Kc1 Rbc2+ 48. Kb1 Rxh2 49. Rh3+ Rxh3 50. Kxc2 Rh2+ 51. Kd3 Rxa2 52. Kc4 a5 53. Re5 Kh6 0-1

[Event "*** Titled Tuesday Blitz"]
[Site "Chess.com"]
[Date "2020.11.10"]
[Round "7"]
[White "eljanov"]
[Black "GM_LOADING"]
[Result "0-1"]
[WhiteElo "2775"]
[BlackElo "2477"]
[TimeControl "180+1"]
[EndTime "11:23:10 PST"]
[Termination "GM_LOADING won on time"]

1. e4 e5 2. Nf3 Nc6 3. Bc4 Nf6 4.
d3 h6 5. c3 d6 6. O-O g6 7. Nbd2 Bg7 8. a4 O-O 9. a5 a6 10. Re1 Bd7 11. h3 Qe7 12. Nf1 Rae8 13. Ng3 Nh7 14. d4 Ng5 15. Nxg5 hxg5 16. Be3 exd4 17.
cxd4 g4 18. hxg4 Qh4 19. g5 Bg4 20. Qd2 Re7 21. Ra3 Rfe8 22. Bd5 Nd8 23. b4 c6 24. Ba2 Ne6 25. d5 cxd5 26. Bxd5 Nc7 27. Ba2 Nb5 28. Rd3 Rc8 29. Rc1 Rxc1+ 30. Qxc1 Rc7 31.
Qd2 Be5 32. Nf1 Nc3 33. f3 Nxa2 34. Qxa2 Be6 35. Qd2 Bc4 36. Ra3 Bxf1 37. Kxf1 Qh1+ 38.
Kf2 Qh4+ 39. Kf1 Bg3 40. Rc3 Qh1+ 41. Bg1 Rxc3 42. Qxc3 Bh2 43. Qd4 Be5 44. Qa7 Bh2 45.
Qf2 Be5 46. Ke2 Qh8 47. Qa7 Qh4 48. Qxb7 Qxg5 49. Qxa6 Qxg2+ 50. Bf2 Bd4 51. Qc8+ Kh7 52. Kd3 Qxf2 53. Qh3+ Kg7 54. Kc4 Qe3 55. Kd5 Qc3 0-1

[Event "*** Titled Tuesday Blitz"]
[Site "Chess.com"]
[Date "2020.11.10"]
[Round "7"]
[White "FMalexhdez"]
[Black "catzapto"]
[Result "0-1"]
[WhiteElo "2258"]
[BlackElo "2150"]
[TimeControl "180+1"]
[EndTime "11:23:10 PST"]
[Termination "catzapto won on time"]

1. e4 c5 2. Nf3 e6 3. d4 cxd4 4. Nxd4 Nf6 5. Nc3 Bb4 6. Bd3 Nc6 7. Nxc6 bxc6 8. e5 Nd5 9. Bd2 Nxc3 10. bxc3 Be7 11. O-O O-O 12. Qh5 g6 13. Qh6 f5 14.
exf6 Bxf6 15. f4 Bg7 16. Qh3 Qf6 17. Rab1 d6 18. Qf3 d5 19. Rfe1 e5 20. fxe5 Qxf3 21.
gxf3 Rxf3 22. e6 Kf8 23. Re2 Rf6 24. e7+ Ke8 25. Be3 Rf7 26. Bc5 Bf6 27. c4 Bg4 28. Rg2 Bh3 29. Rg3 Bd7 30. cxd5 Bxe7 31. Re3 Kd8 32.
d6 Bg5 33. Re5 Bf6 34. Rf1 Rb8 35. Re2 Bd4+ 36. Bxd4 Rxf1+ 37. Kxf1 Rb1+ 38. Kf2 a5 39. Bf6+ Kc8 40. Bc4 a4 41. Be6 Bxe6 42. Rxe6 Kd7 43. Re7+ Kxd6 44. Ra7 Rc1 45. Rxa4 Rxc2+ 46. Kg3 Ke6 47.
Bd4 h5 48. Be3 Kf5 49. h4 c5 50. Ra5 Ke4 51. Bxc5 Rc3+ 52. Kf2 Rc2+ 53. Ke1 Rg2 54. Be7 Ke3 55. Ra3+ Kf4 56. Bg5+ Kg4 57. Kf1 Rb2 58. Ra4+ Kf3 59. Rf4+ Kg3 0-1

[Event "*** Titled Tuesday Blitz"]
[Site "Chess.com"]
[Date "2020.11.10"]
[Round "7"]
[White "Zq1"]
[Black "vladislavkovalev"]
[Result "1/2-1/2"]
[WhiteElo "2590"]
[BlackElo "2857"]
[TimeControl "180+1"]
[EndTime "11:23:11 PST"]
[Termination "Game drawn by repetition"]

1. d4 Nf6 2. c4 g6 3. Nc3 Bg7 4. e4 d6 5. Nf3 O-O 6. Be2 e5 7. O-O c6 8. d5 Na6 9. Be3 Ng4 10. Bg5 f6 11. Bd2 c5 12. g3 Nh6 13. a3 Nf7 14.
Qc2 Bh6 15. Nh4 Bxd2 16. Qxd2 Bh3 17. Rfe1 Qe7 18. Bf1 Bd7 19. Bg2 Rfe8 20. Rab1 Qf8 21. Bf1 Qh6 22. Qxh6 Nxh6 23. Bd3 Kg7 24. b4 Rac8 25.
Re2 f5 26. b5 Nb8 27. Rbe1 Re7 28. f4 Rce8 29. exf5 Nxf5 30. fxe5 Rxe5 31. Rxe5 dxe5 32.
Nf3 Nd4 33. Kg2 Bh3+ 34. Kxh3 Nxf3 35. Re3 Nd4 36. Ne4 Nf5 37. Re1 b6 38. g4 Nd4 39.
g5 Nd7 40. Kg3 Rf8 41. Rf1 Rf5 42. h4 h6 43. Nd6 Rxf1 44. Bxf1 hxg5 45. hxg5 Nc2 46.
Nc8 Nxa3 47. Nxa7 e4 48. Nc6 Nc2 49. Kf4 e3 50. Bd3 Nd4 51. Kxe3 Nb3 52. Ke4 Kf7 53. Ne5+ Nxe5 54. Kxe5 Nd4 55. d6 Nf3+ 56. Kf4 Nd4 57. Ke5 Nf3+ 58. Kf4 Nd4 59. Ke5 1/2-1/2

[Event "*** Titled Tuesday Blitz"]
[Site "Chess.com"]
[Date "2020.11.10"]
[Round "7"]
[White "VMikhalevski"]
[Black "AnishOnYoutube"]
[Result "0-1"]
[WhiteElo "2724"]
[BlackElo "2972"]
[TimeControl "180+1"]
[EndTime "11:23:11 PST"]
[Termination "AnishOnYoutube won on time"]

1. d4 d5 2. c4 c6 3. cxd5 cxd5 4. Bg5 h6 5. Bh4 Qb6 6. Nc3 e6 7. Qd2 Ne7 8. f3 Nbc6 9. Bf2 Nf5 10. Nh3 Bd7 11.
Rd1 Bb4 12. e4 Nd6 13. exd5 exd5 14. Nf4 Ne7 15. a3 Bxc3 16. Qxc3 Rc8 17. Qb4 Qxb4+ 18. axb4 Bb5 19. Bg3 Rc2 20. Rd2 Rc1+ 21. Rd1 Rxd1+ 22. Kxd1 Bxf1 23. Rxf1 b6 24. Nh5 Ndf5 25. Bf2 O-O 26. g4 Nd6 27. Nf4 Re8 28. Kc2 Kf8 29. Kd3 g5 30. Nh5 Ng6 31. Bg3 Nc4 32. Re1 Rxe1 33. Bxe1 Nxb2+ 34. Kc3 Nc4 35. Nf6 Ne7 36. Nxd5 Nxd5+ 37. Kxc4 Ne3+ 38. Kb5 Ke7 39. Ka6 Nc2 40. Bc3 Na3 41.
Be1 Nc2 42. Bc3 Na3 43. d5 Kd6 44. Bg7 Kxd5 45. Bxh6 f6 46. Bg7 Ke6 47. Bf8 Nc2 48. b5 Nd4 49. Bb4 Nxf3 50. Kxa7 Nxh2 51. Kxb6 Nxg4 52. Kc7 Ne3 53. Bc5 Nd5+ 54. Kc6 f5 55. Bf8 g4 0-1

[Event "*** Titled Tuesday Blitz"]
[Site "Chess.com"]
[Date "2020.11.10"]
[Round "7"]
[White "anon102030"]
[Black "ViditYT"]
[Result "1-0"]
[WhiteElo "2758"]
[BlackElo "2867"]
[TimeControl "180+1"]
[EndTime "11:23:12 PST"]
[Termination "anon102030 won on time"]

1. e4 c5 2. Nc3 Nc6 3. g3 g6 4. Bg2 Bg7 5. d3 d6 6. Be3 e6 7. Nf3 Nd4 8. O-O Ne7 9. Nh4 O-O 10. Qd2 Rb8 11. f4 b5 12. Nd1 b4 13. c3 Ndc6 14.
f5 bxc3 15. bxc3 f6 16. fxg6 hxg6 17. d4 cxd4 18. cxd4 g5 19. Nf3 Ba6 20. Re1 d5 21. e5 Nf5 22. exf6 Bxf6 23. Bxg5 Ncxd4 24. Bxf6 Qxf6 25. Ne5 Ne2+ 26. Rxe2 Bxe2 27. Qxe2 Qg7 28. Rc1 Nd4 29. Qe3 Nf5 30. Qe1 Rfc8 31. Rxc8+ Rxc8 32. Nf2 Rc2 33. Ned3 Nd4 34. a3 Ne2+ 35. Kh1 Qd4 36.
Bh3 e5 37. Bf1 Qe3 38. Bxe2 Rxe2 39. Qb1 Qf3+ 40. Kg1 e4 41. Qb8+ Qf8 42. Qxf8+ Kxf8 43. Nf4 Rd2 44. Kf1 e3 45. N2d3 d4 46. h4 Kg7 47.
g4 Rh2 48. h5 Kf6 49. Kg1 Rd2 50.
h6 Rd1+ 51. Kg2 e2 52. Nxe2 Rxd3 53. Nf4 Re3 54. Kf2 1-0

[Event "*** Titled Tuesday Blitz"]
[Site "Chess.com"]
[Date "2020.11.10"]
[Round "7"]
[White "Mikhail_Golubev"]
[Black "GM_Crest"]
[Result "1/2-1/2"]
[WhiteElo "2581"]
[BlackElo "2727"]
[TimeControl "180+1"]
[EndTime "11:23:12 PST"]
[Termination "Game drawn by repetition"]

1. e4 e6 2. d4 d5 3. Nc3 Bb4 4.
e5 c5 5. a3 Bxc3+ 6. bxc3 Nc6 7. a4 Qa5 8. Bd2 Nge7 9. Nf3 O-O 10. Bd3 h6 11. O-O Bd7 12. Re1 Qc7 13. dxc5 Ng6 14. Qe2 Na5 15. Bxg6 fxg6 16. Be3 Nc4 17. Bd4 g5 18. h4 gxh4 19. Nxh4 b6 20. Ng6 bxc5 21. Nxf8 Rxf8 22. Be3 Nxe5 23. Bxh6 Nf3+ 24. gxf3 gxh6 25.
Kh1 d4 26. Rg1+ Kh8 27. cxd4 Bc6 28. Qe5+ Qxe5 29. dxe5 Rxf3 30. Kh2 Rxf2+ 31. Kg3 Rxc2 32. Rac1 Bxa4 33. Rxc2 Bxc2 34. Rc1 Bf5 35. Rxc5 Kg7 36. Ra5 Kg6 37. Kf4 h5 38. Rxa7 h4 39. Ra1 h3 40.
Rg1+ Kf7 41. Kg3 Kg6 42. Kh4+ Kf7 43. Kg3 Kg6 44. Rc1 Kg5 45. Rc4 Kg6 46. Rc8 Kg7 47. Rc4 Kg6 48. Rh4 Kg7 49. Kf4 Kg6 50. Kg3 Kg7 51.
Kf4 Kg6 52. Kf3 Kg5 53. Kg3 Kg6 54. Rh8 Kg7 55. Rb8 Kg6 56. Rg8+ Kf7 57. Rg5 Ke7 58. Kf2 Kd7 59. Ke3 Kc6 60. Rh5 Kd5 61. Kf4 Kd4 62. Rh8 Kd3 63. Ra8 Ke2 64. Kg3 Ke3 65. Ra3+ Ke4 66.
Ra5 Kd4 67. Rb5 Kc4 68. Ra5 Kb4 69.
Ra7 Kc5 70. Ra5+ Kd4 71. Rb5 Bd3 72. Ra5 Bf5 1/2-1/2

[Event "*** Titled Tuesday Blitz"]
[Site "Chess.com"]
[Date "2020.11.10"]
[Round "7"]
[White "hungrycaterpillar4"]
[Black "dennisodessa"]
[Result "1-0"]
[WhiteElo "2621"]
[BlackElo "2456"]
[TimeControl "180+1"]
[EndTime "11:23:15 PST"]
[Termination "hungrycaterpillar4 won on time"]

1. e4 e6 2. d3 c5 3. Nd2 Nc6 4. Ngf3 g6 5. g3 Bg7 6. Bg2 Nge7 7. O-O O-O 8. c3 d6 9. Re1 b5 10. a4 b4 11. Qc2 a5 12. Nc4 Ba6 13. Bf4 Ne5 14. Ncxe5 dxe5 15. Bxe5 Bxd3 16. Qc1 f6 17. Bf4 e5 18. Be3 c4 19. Rd1 Qc7 20. Ne1 Be2 21. Rd2 Bg4 22. Nc2 Rab8 23. cxb4 axb4 24. a5 c3 25. bxc3 bxc3 26. Ne1 Rfc8 27. Rc2 Be6 28. Bb6 Qc6 29. Ra3 Qb5 30. Bf1 Qb4 31. Raxc3 Qxe4 32. Bg2 Qa4 33. Ra3 Rxc2 34. Nxc2 Qc4 35. a6 Bd5 36. a7 Ra8 37. Ra1 Bxg2 38. Kxg2 Qc6+ 39. Kg1 Qxb6 40.
Qa3 Nc6 41. Qd6 Rxa7 42. Rxa7 Qb1+ 43. Kg2 Nxa7 44. Qe6+ Kf8 45. Ne3 Qb7+ 46. Kg1 Nc8 47. Nd5 h5 48. Nxf6 Bxf6 49. Qxf6+ Qf7 50. Qh8+ Qg8 51.
Qxe5 1-0